 Dungeon Sprint DCSS version 0.03.2.1-71-g8aa608150a (webtiles) character file.

Game seed: 10587683848267171587, levelgen mode: deterministic

18876 esc the Acrobat (level 12, 0/7 HPs) Fairy Earth Elementalist. Began on Feb 13, 2021. Was the Champion of Vehumet. Slain by an unseen horror (1 damage) ... in the Dungeon (Sprint I: "Red Sonja"). The game lasted 00:13:52 (1526 turns).

esc the Acrobat (Fairy Earth Elementalist)          Turns: 1526, Time: 00:13:53

HP:   0/7 (7)       AC:  0    Str:  2    XL:     12 ^: 11067
MP:   6/7           EV: 48    Int: 20    God:    Vehumet [6* [200]]
Gold: 1550          SH:  0    Dex: 19    Spells: 29/49 levels left

rFire    . . .     Vision   x   i - amulet of harm
rCold    . . .     Gourm    .
rNeg     . . .     Faith    .
rPois    .         Spirit   .
rElec    .         Reflect  .
rCorr    .         Harm     +
MR       ++...     Rnd*Rage +   Stlth +.........NoTele +
HPRegen  0.12/turn
MPRegen  0.17/turn

@: flying, glowing, slow
A: tiny, no armour or weapons, only one jewelry slot, no melee attacks, fairy
magic, fairy shield, fairy light, decreased potion and divine healing, berserk
1, impaired vision, dopey 1, frail 2, screaming 1, slowness 1, subdued magic 2,
able to fly, insubstantial
a: Stop Flying, Renounce Religion


You were in the Dungeon.
You worshipped Vehumet.
Vehumet was exalted by your worship.
You were not hungry.

You visited 1 branch You collected 2090 gold pieces.
You spent 540 gold pieces at shops.

Inventory:

Jewellery
 i - an amulet of harm (around core)
Wands
 a - a wand of ensnaring (3)
 k - a wand of polymorph (2)
Scrolls
 h - a scroll of blinking
 j - 2 scrolls of fear
 l - a scroll of holy word
 n - a scroll of fog
Potions
 c - 4 potions of curing
 d - a potion of heal wounds
 e - a potion of haste
 f - 2 potions of magic
 g - 2 potions of berserk rage
Miscellaneous
 m - a crystal ball of energy
 o - a phantom mirror


   Skills:
 + Level 21.9 Dodging
 - Level 1.4 Stealth
 + Level 19.0 Spellcasting
 - Level 1.0 Transmutations
 + Level 17.8 Earth Magic


You had 29 spell levels left.
You knew the following spells:

 Your Spells              Type           Power        Failure   Level  Hunger
a - Sandblast             Erth           50 (50)      0%          1    None
b - Passwall              Tmut/Erth      35 (120)     1%          2    None
c - Swiftness             Chrm/Air       11 (100)     2%          2    None
d - Iron Shot             Erth           54 (200)     1%          6    ####...
e - Petrify               Tmut/Erth      35 (100)     1%          4    None
f - Lee's Rapid Deconstr  Erth           54 (200)     0%          5    #......

Your spell library contained the following spells:

 Spells                   Type           Power        Failure   Level  Hunger
 Stone Arrow              Erth           50 (50)      0%          3    None
 Methodical Deconstructi  Erth           54 (200)     0%          5    #......
 Freeze                   Ice            11 (25)      1%          1    None
 Shock                    Air            11 (25)      1%          1    None
 Searing Ray              Fire           11 (50)      1%          2    None
 Throw Frost              Ice            11 (50)      1%          2    None
 Ignite Poison            Fire/Tmut      13 (100)     1%          3    None
 Static Discharge         Air            11 (100)     1%          3    None
 Airstrike                Air            11 (200)     5%          4    None
 Fulminant Prism          Hex            11 (200)     5%          4    None
 Irradiate                Tmut/Pois      13 (200)     13%         5    #......
 Fireball                 Fire           11 (200)     16%         5    #......
 Lightning Bolt           Air            11 (200)     16%         5    #......
 Poison Arrow             Pois           11 (200)     63%         6    ####...


Dungeon Overview and Level Annotations

Branches:
Dungeon (1/1)

Altars:
Cheibriados
Dithmenos
Elyvilon
Fedhas Madash
Gozag Ym Sagoz
Hepliaklqana
Kikubaaqudgha
Makhleb
Nemelex Xobeh
Okawaru
Qazlal
Ru
Sif Muna
Trog
Uskayaw
Vehumet
Wu Jian
Xom
Yredelemnul
Zin
The Shining One
Jiyva
Lugonu

Shops:
D }:?*[:??([}*[*(***?[[

Annotations:
D Lernaean hydra


Innate Abilities, Weirdness & Mutations

You are too small to use any gear.
You can wear a single ring or amulet completely around your body.
You are incapable of melee of any kind.
Your magic reserves are extremely low but spells that normally cost one mana are free and all other spells cost one mana.
You are extremely frail but all attacks that strike you do exactly one damage.
You exude a bright light in a small radius around yourself.
The effect of potions and godly healing effects is reduced to match your tiny health and magic reserves.
You cover ground slowly.
You can fly continuously.
Your insubstantial form boosts your evasion and grants immunity to sticky flames, nets and constriction.
You tend to lose your temper in combat.
Your poor vision makes scrolls take longer to read and aiming more difficult.
You are dopey. (Int -2)
You are very frail. (-20% HP)
You occasionally shout uncontrollably at your foes.
Your spells are easier to cast, but less powerful.


Message History

Aiming: Sandblast (safe; 0% risk of failure)
Press: ? - help, Shift-Dir - straight line, f/p - unseen horror
Aim: an unseen horror (purple smoke, almost dead (1/39), slightly transparent, haloed)
The blast of sand hits the unseen horror (8)!
You kill the unseen horror!
Vehumet accepts your kill.
Your Spellcasting skill increases to level 19!
The unseen horror completely misses you (0).
The unseen horror misses you (0).
Casting: Sandblast (safe; 0% risk of failure)
Confirm with . or Enter, or press ? or * to list all spells.
Aiming: Sandblast (safe; 0% risk of failure)
Press: ? - help, Shift-Dir - straight line, f - unseen horror
Aim: an unseen horror (healthy (40/40), slightly transparent, haloed)
The blast of sand hits the unseen horror (7)!
The unseen horror is moderately wounded. (31/40) HP The unseen horror hits you (12)!
* * * LOW HITPOINT WARNING * * *
The unseen horror hits you (9)!
You die...

###############################**
[...#..#§§§§§§§§§§§'..#^^+§$$$#,,
#...##'#§####.§§§§##..'^.#§§$$#*,
#...'§§#§#,*##§§§#######'#$§?§§#*
#####..§§#+#$###@#,$%##..#§§§§§#,
#..##+####^.$#y#x##$$$#..##§§§§#,
§..#..°○○#°.$###xx###$#..≈###+**,
#§§#..^.°°..$$$##x#A#$#..≈÷.#,***
##§###^..#^....#..###$#..≈.##+*,,
##.'.#^°°###++##.##..$#..≈##^^^,,
)###†#°°##*,,**#..*+###..≈#^,,,^,
.∩##.#.○#***,,*##..,#.≈..##,,,,,^
####.##'#,,*,,*,*##.#)≈..#,,,,,,,


You could see 4 unseen horrors.

Vanquished Creatures
  A deep elf annihilator (D)
  A mummy priest (D)
  A lorocyproca (D)
  3 unseen horrors (D)
  A lindwurm (D)
  Sonja (D)
  A hydra (D)
  A deep troll (D)
  2 centaur warriors (D)
  8 shining eyes (D)
  2 oklob plants (D)
  2 merfolk sirens (D)
  A gargoyle (D)
  A hellwing (D)
  2 kobold demonologists (D)
  4 demonic crawlers (D)
  5 hornets (D)
  Sigmund (D)
  A slime creature (D)
  A yak (D)
  13 hogs (D)
  2 redbacks (D)
  7 necrophages (D)
  7 floating eyes (D)
  An ogre (D)
  Ijyb (D)
  8 jellies (D)
  2 ballistomycetes (D)
  A ballistomycete spore (D)
82 creatures vanquished.

Vanquished Creatures (others)
  A gargoyle (D)
  A ballistomycete spore (D)
2 creatures vanquished.

Grand Total: 84 creatures vanquished

Notes
Turn   | Place    | Note
-------+----------+-------------------------------------------
     0 | D        | esc the Fairy Earth Elementalist began the quest for the
                  | Orb.
     0 | D        | Reached XP level 1. HP: 3/3 MP: 3/3
     1 | D        | Noticed Ijyb
    10 | D        | Killed Ijyb
    10 | D        | Reached skill level 6 in Dodging
    10 | D        | Reached skill level 5 in Spellcasting
    10 | D        | Reached skill level 5 in Earth Magic
    10 | D        | Reached XP level 2. HP: 3/3 MP: 3/3
    10 | D        | Reached XP level 3. HP: 4/4 MP: 3/3
    10 | D        | Reached XP level 4. HP: 4/4 MP: 3/3
    19 | D        | Noticed an ogre
    22 | D        | Killed an ogre
    22 | D        | Reached skill level 8 in Dodging
    22 | D        | Reached XP level 5. HP: 3/4 MP: 3/3
    32 | D        | Learned a level 2 spell: Passwall
    63 | D        | Noticed Sigmund
    66 | D        | Killed Sigmund
    66 | D        | Reached skill level 10 in Dodging
    66 | D        | Reached XP level 6. HP: 5/5 MP: 3/3
    82 | D        | Found an ornate altar of the Wu Jian Council.
    82 | D        | Found a shimmering blue altar of Sif Muna.
    84 | D        | Found a radiant altar of Vehumet.
    94 | D        | Became a worshipper of Vehumet
   110 | D        | Found Ybotugu's General Store.
   110 | D        | Found an ancient bone altar of Kikubaaqudgha.
   110 | D        | Found a hazy altar of Hepliaklqana.
   110 | D        | Found a stormy altar of Qazlal.
   110 | D        | Found a hide-covered altar of Uskayaw.
   110 | D        | Found a blossoming altar of Fedhas.
   110 | D        | Found a bloodstained altar of Trog.
   110 | D        | Found an iron altar of Okawaru.
   110 | D        | Found a basalt altar of Yredelemnul.
   110 | D        | Found a glowing golden altar of the Shining One.
   110 | D        | Found a snail-covered altar of Cheibriados.
   110 | D        | Found a sacrificial altar of Ru.
   110 | D        | Found a glowing silver altar of Zin.
   110 | D        | Found a shadowy altar of Dithmenos.
   110 | D        | Found a white marble altar of Elyvilon.
   110 | D        | Noticed a yak
   112 | D        | Killed a yak
   112 | D        | Reached skill level 11 in Dodging
   113 | D        | Found an opulent altar of Gozag.
   116 | D        | Found a sparkling altar of Nemelex Xobeh.
   136 | D        | Noticed Sonja
   139 | D        | Killed Sonja
   139 | D        | Reached skill level 13 in Dodging
   139 | D        | Reached skill level 10 in Earth Magic
   139 | D        | Reached XP level 7. HP: 3/5 MP: 3/4
   139 | D        | Reached XP level 8. HP: 3/5 MP: 3/4
   192 | D        | Noticed a deep troll
   205 | D        | Killed a deep troll
   205 | D        | Reached * piety under Vehumet
   205 | D        | Offered knowledge of Freeze by Vehumet.
   205 | D        | Reached skill level 14 in Dodging
   219 | D        | Found Guguse's Armour Emporium.
   240 | D        | Noticed a centaur warrior
   241 | D        | Noticed a centaur warrior
   247 | D        | Killed a centaur warrior
   251 | D        | Killed a centaur warrior
   251 | D        | Reached skill level 15 in Dodging
   251 | D        | Reached XP level 9. HP: 3/6 MP: 4/5
   277 | D        | Learned a level 2 spell: Swiftness
   279 | D        | Reached ** piety under Vehumet
   279 | D        | Offered knowledge of Throw Frost by Vehumet.
   290 | D        | Noticed an oklob plant
   302 | D        | Killed an oklob plant
   326 | D        | Reached skill level 16 in Dodging
   333 | D        | Offered knowledge of Searing Ray by Vehumet.
   346 | D        | Noticed an unseen horror
   347 | D        | Noticed an unseen horror
   351 | D        | Killed an unseen horror
   351 | D        | Reached *** piety under Vehumet
   352 | D        | Killed an unseen horror
   352 | D        | Reached skill level 17 in Dodging
   352 | D        | Reached XP level 10. HP: 5/6 MP: 5/5
   367 | D        | Offered knowledge of Ignite Poison by Vehumet.
   371 | D        | Reached **** piety under Vehumet
   376 | D        | Offered knowledge of Fulminant Prism by Vehumet.
   379 | D        | Reached ***** piety under Vehumet
   379 | D        | Offered knowledge of Iron Shot by Vehumet.
   381 | D        | Reached skill level 15 in Spellcasting
   396 | D        | Identified the +2 pair of boots of the Devil's Team {+Inv
                  | rC+ Int+4}
   417 | D        | Found Varphoavo's Magic Scroll Shoppe.
   417 | D        | Found Voriev's Magic Scroll Shop.
   417 | D        | Found Kygof's Weapon Boutique.
   419 | D        | Found Saexisox's Antique Armour Emporium.
   419 | D        | Found Ruucog's Gadget Shop.
   419 | D        | Found Cumaw's General Store.
   419 | D        | Found Lorph's Armour Boutique.
   419 | D        | Found Desuo's Assorted Antiques.
   419 | D        | Found Syworeun's Antique Weapon Shop.
   419 | D        | Found Corrusye's General Store.
   423 | D        | Found Uqoowe's Assorted Antiques.
   424 | D        | Found Jul Moje's Magic Scroll Emporium.
   424 | D        | Found Wuozulia's Assorted Antiques.
   425 | D        | Found Ofrepem's Antique Armour Emporium.
   532 | D        | Found Roycvut's Gadget Boutique.
   534 | D        | Noticed a shining eye
   534 | D        | Noticed a shining eye
   534 | D        | Noticed a shining eye
   534 | D        | Gained mutation: You are frail. (-10% HP) [a shining eye]
   537 | D        | Reached ****** piety under Vehumet
   537 | D        | Offered knowledge of Fireball by Vehumet.
   540 | D        | Gained mutation: Your poor vision makes scrolls take longer
                  | to read and aiming more difficult. [a shining eye]
   541 | D        | Gained mutation: You occasionally shout uncontrollably at
                  | your foes. [a shining eye]
   542 | D        | Killed a shining eye
   542 | D        | Reached skill level 18 in Dodging
   542 | D        | Gained mutation: You tend to lose your temper in combat. [a
                  | shining eye]
   550 | D        | Killed a shining eye
   551 | D        | Killed a shining eye
   559 | D        | Noticed a shining eye
   559 | D        | Noticed a shining eye
   559 | D        | Noticed a shining eye
   565 | D        | Killed a shining eye
   565 | D        | Reached skill level 15 in Earth Magic
   566 | D        | Gained mutation: Your spells are a little easier to cast,
                  | but a little less powerful. [a shining eye]
   569 | D        | Killed a shining eye
   569 | D        | Reached XP level 11. HP: 6/6 MP: 6/6
   569 | D        | Gained mutation: Your spells are easier to cast, but less
                  | powerful. [a shining eye]
   606 | D        | Gained mutation: You are dopey. (Int -2) [a shining eye]
   624 | D        | Offered knowledge of Irradiate by Vehumet.
   624 | D        | Reached skill level 19 in Dodging
   630 | D        | Gained mutation: You are very frail. (-20% HP) [a shining
                  | eye]
   649 | D        | Found Poblavetzo's Antique Armour Shop.
   649 | D        | Found Gidu's Book Shoppe.
   649 | D        | Found Onain's Book Boutique.
   649 | D        | Found Juasyuch's Magic Scroll Emporium.
   666 | D        | Bought a scroll of acquirement for 520 gold pieces
   666 | D        | Identified Sif Muna's Grimoire of Augmentations and
                  | Execration (You acquired it in the Dungeon)
   669 | D        | Bought a scroll of fog for 20 gold pieces
   676 | D        | Learned a level 6 spell: Iron Shot
   681 | D        | Learned a level 4 spell: Petrify
   687 | D        | Learned a level 5 spell: Lee's Rapid Deconstruction
   714 | D        | Found a burning altar of Makhleb.
   714 | D        | Found a viscous altar of Jiyva.
   714 | D        | Found a shimmering altar of Xom.
   714 | D        | Found a corrupted altar of Lugonu.
   767 | D        | Offered knowledge of Poison Arrow by Vehumet.
   803 | D        | Noticed a lindwurm
   808 | D        | Killed a lindwurm
   821 | D        | Reached skill level 20 in Dodging
   872 | D        | Noticed a 12-headed hydra
   887 | D        | Killed a 12-headed hydra
   912 | D        | Noticed a deep elf annihilator
   949 | D        | Reached skill level 21 in Dodging
   981 | D        | Killed a deep elf annihilator
   981 | D        | Reached XP level 12. HP: 7/7 MP: 6/6
  1087 | D        | Identified the cursed ring of Qazlal's Pride {Int+4 Stlth+,
                  | (Curse: Fragile)}
  1087 | D        | Noticed a mummy priest
  1203 | D        | Killed a mummy priest
  1271 | D        | Noticed the 27-headed Lernaean hydra
  1409 | D        | Noticed a lorocyproca
  1433 | D        | Killed a lorocyproca
  1470 | D        | Noticed a daeva
  1526 | D        | Slain by an unseen horror

Levels and vault maps discovered:
D:        dungeon_sprint_1 [red_sonja_temple_1, red_sonja_temple_small_1]

Skill      XL: |  1  2  3  4  5  6  7  8  9 10 11 12 |
---------------+-------------------------------------+-----
Dodging        | 6 8 10 13 15 17 18 21 | 21.9
Spellcasting   | 5 7 8 11 13 14 16 18 19 | 19.0
Earth Magic    | 5 6 8 10 12 13 15 17 | 17.8
Stealth        | |  1.4
Transmutations | |  1.0

Action                   |  1- 3 |  4- 6 |  7- 9 | 10-12 || total
-------------------------+-------+-------+-------+-------++-------
 Cast: Sandblast         |     7 |    12 |    49 |   202 ||   270
       Passwall          |       |     2 |       |       ||     2
       Iron Shot         |       |       |       |    23 ||    23
 Abil: Fly               |       |       |       |     1 ||     1
  Use: Scroll            |       |       |       |     2 ||     2
       Potion            |       |       |       |     2 ||     2
  Eat: Ration            |       |       |       |     2 ||     2
       Chunk             |       |       |       |     1 ||     1
Dodge: Dodged            |     5 |     2 |    32 |   150 ||   189
